 Dungeon Crawl Stone Soup version 0.18-a0-964-g5edc98f (webtiles) character file.

2709 Leibowitz the Covered (level 9, -2/72 HPs)
             Began as a Demigod Fighter on Jan 1, 2016.
             Splashed by a jelly's acid (6 damage)
             ... on level 7 of the Dungeon.
             The game lasted 00:41:32 (7726 turns).

Leibowitz the Covered (Demigod Fighter)             Turns: 7726, Time: 00:41:34

Health: -2/72      AC: -15   Str: 19    XL:     9   Next: 16%
Magic:  0/12       EV:  9    Int: 12    God:
Gold:   304        SH: 11    Dex: 21    Spells: 0 memorised, 8 levels left

rFire  . . .     SeeInvis .     k - +1 rapier
rCold  + . .     Gourm    .     r - +0 chain mail {rC+}
rNeg   . . .     Faith    .     c - +0 shield
rPois  .         Spirit   +     z - +1 helmet
rElec  .         Dismiss  .     (no cloak)
rCorr  .         Reflect  .     (no gloves)
SustAt +         Harm     .     (no boots)
MR     .....                    j - amulet of guardian spirit
Stlth  ..........               (no ring)
                                (no ring)

@: corroded equipment, not resistant to hostile enchantments, extremely
unstealthy
A: high mp 1, sustain attributes
a: no special abilities


You were on level 7 of the Dungeon.
You were near starving.

You visited 1 branch of the dungeon, and saw 7 of its levels.

You collected 304 gold pieces.

Inventory:

Hand Weapons
 a - a +0 short sword of venom
 b - a +0 blowgun
 d - a +0 whip of venom
 k - a +1 rapier (weapon)
Missiles
 i - 48 poisoned needles
Armour
 c - a +0 shield (worn)
 r - a +0 chain mail of cold resistance (worn)
 z - a +1 helmet (worn)
Jewellery
 j - an amulet of guardian spirit (around neck)
 s - an uncursed ring of ice
Wands
 q - a wand of lightning (0/15)
 y - a wand of flame (0/48)
Scrolls
 e - 9 scrolls of identify
 l - 6 scrolls of remove curse
 o - 2 scrolls of fog
 p - a scroll of recharging
 t - 3 scrolls of teleportation
 u - a scroll of blinking
 v - a scroll of fear
 x - a scroll of enchant weapon
Potions
 g - a potion of agility
Comestibles
 f - 8 bread rations
 h - 6 meat rations
 m - 4 fruits


   Skills:
 * Level 4.7 Fighting
 * Level 4.1 Short Blades
 * Level 6.6 Armour
 * Level 4.2 Dodging
 * Level 4.2 Stealth
 * Level 6.5 Shields
 + Level 0.1 Evocations


You had 8 spell levels left.
You didn't know any spells.

Dungeon Overview and Level Annotations

Branches:
Dungeon (7/15)             Temple (0/1) D:5

Annotations:
D:3 Terence


Innate Abilities, Weirdness & Mutations

You have an increased reservoir of magic (+10% MP).
Your attributes are resistant to harm.


Message History

Drink which item? (? for menu, Esc to quit)
You feel better. The jelly barely misses you.
You completely miss the jelly.
The jelly is almost dead.
The jelly closely misses you.
You hit the jelly but do no damage. The acid corrodes you!
Your hands burn!
* * * LOW HITPOINT WARNING * * *
The jelly is almost dead.
The jelly barely misses you.
You hit the jelly but do no damage.
Your hands burn!
* * * LOW HITPOINT WARNING * * *
The jelly is almost dead.
The jelly misses you.
You hit the jelly but do no damage. The acid corrodes you!
Your hands burn!
* * * LOW HITPOINT WARNING * * *
The jelly is almost dead.
The jelly hits you.
* * * LOW HITPOINT WARNING * * *
You are splashed with acid!
The acid burns!
You die...

#...#........########......
#...#....(...########.#####
#...##.............##.#####
#........>.................
#...###...............#####
##### ###....####).####
#..#....<..#
##.r........######
#..@.............###
###J#...#.#####.....
#.#...#.# #.....
####.......# #.....
#....#.###.# #.....
#(##.#.###.#####.....
#.(...........##.....
#.............##.....
#...).........##..[..


You could see a jelly and a quokka.

Vanquished Creatures
  Pikel (D:4)
  Edmund (D:6)
  Duvessa (D:7)
  An orc warrior (D:6)
  2 ice beasts (D:7)
  A sky beast (D:5)
  A phantom (D:7)
  2 ogres
  3 centaurs
  2 big kobolds (D:7)
  5 giant frogs
  A water moccasin zombie (D:6)
  Dowan (D:7)
  A giant frog zombie (D:5)
  A crimson imp (D:6)
  2 hounds
  An orc priest (D:6)
  A centaur skeleton (D:6)
  A giant frog skeleton (D:4)
  5 orc wizards
  2 worker ants
  11 adders
  2 shadow imps
  An adder zombie (D:7)
  An adder skeleton (D:6)
  4 worms
  2 giant geckos (D:3)
  12 orcs
  2 ball pythons
  3 giant cockroaches
  6 hobgoblins
  18 kobolds
  2 quokkas
  9 bats
  2 giant gecko zombies
  4 giant newts
  9 goblins
  A jackal skeleton (D:4)
  3 quokka skeletons (D:7)
  A quokka zombie (D:5)
  6 rats
135 creatures vanquished.

Vanquished Creatures (others)
  A centaur (D:4)
  5 orcs (D:4)
  A quokka (D:4)
7 creatures vanquished.

Grand Total: 142 creatures vanquished

Notes
Turn   | Place    | Note
--------------------------------------------------------------
     0 | D:1      | Leibowitz the Demigod Fighter began the quest for the Orb.
     0 | D:1      | Reached XP level 1. HP: 18/18 MP: 3/3
   396 | D:1      | Reached skill level 3 in Armour
   645 | D:1      | Reached XP level 2. HP: 25/25 MP: 4/4
  1057 | D:2      | Reached XP level 3. HP: 5/31 MP: 5/5
  1076 | D:2      | Reached skill level 1 in Dodging
  1993 | D:3      | Reached XP level 4. HP: 34/38 MP: 6/6
  2096 | D:3      | Noticed a phantom
  2127 | D:3      | Reached skill level 1 in Stealth
  2303 | D:3      | Noticed Terence
  2472 | D:3      | Found a sparkling altar of Nemelex Xobeh.
  2489 | D:3      | Noticed an ogre
  2513 | D:3      | Killed an ogre
  2513 | D:3      | Reached XP level 5. HP: 17/45 MP: 2/7
  2573 | D:4      | Noticed a slave
  2575 | D:4      | Noticed Pikel
  2575 | D:4      | Noticed a slave
  2575 | D:4      | Noticed a slave
  2575 | D:4      | Noticed a slave
  3371 | D:4      | Killed Pikel
  3371 | D:4      | Reached skill level 4 in Armour
  3371 | D:4      | Reached XP level 6. HP: 16/52 MP: 3/8
  3371 | D:4      | Reached XP level 7. HP: 17/58 MP: 3/9
  3724 | D:4      | Found a shattered altar of Ashenzari.
  4212 | D:5      | Entered Level 5 of the Dungeon
  4233 | D:5      | Reached skill level 5 in Armour
  4569 | D:5      | Found a staircase to the Ecumenical Temple.
  4593 | D:5      | Reached skill level 5 in Shields
  4918 | D:5      | Found a glowing silver altar of Zin.
  4974 | D:5      | Reached XP level 8. HP: 66/66 MP: 10/10
  5378 | D:6      | Found a sparkling altar of Nemelex Xobeh.
  5415 | D:6      | Noticed Edmund
  5456 | D:6      | Killed Edmund
  5816 | D:6      | Found a snail-covered altar of Cheibriados.
  6405 | D:6      | Found a sacrificial altar of Ru.
  6441 | D:6      | Reached skill level 6 in Armour
  6672 | D:7      | Noticed Dowan
  6673 | D:7      | Noticed Duvessa
  7070 | D:7      | Reached XP level 9. HP: 72/72 MP: 11/11
  7152 | D:7      | Killed Dowan
  7160 | D:7      | Killed Duvessa
  7726 | D:7      | Splashed by a jelly's acid

Vault maps used:
D:1:      evilmike_arrival_rings, minmay_door_square
D:3:      nemelex_altar_shiori, uniq_terence
D:4:      ashenzari_altar_1, uniq_pikel
D:5:      marbit_many_paths, minmay_temple_entry_junction2, first_bread,
          kennysheep_generic_room_14
D:6:      lemuel_doored_altar, nicolae_ru_great_annihilating_truth, basic_altar,
          uniq_edmund
D:7:      uniq_duvessa

Action                   |  1- 3 |  4- 6 |  7- 9 || total
-------------------------+-------+-------+-------++-------
Melee: Rapier            |   150 |   121 |   320 ||   591
       Short sword       |       |       |    51 ||    51
 Fire: Blowgun           |       |    33 |    64 ||    97
Evoke: Wand              |       |       |    11 ||    11
  Use: Potion            |     4 |     1 |     4 ||     9
       Scroll            |       |       |    13 ||    13
 Stab: Invisible         |     1 |       |     1 ||     2
       Paralysed         |       |       |     1 ||     1
  Eat: Chunk             |     4 |     3 |    12 ||    19
       Fruit             |       |       |     3 ||     3
